TOP OF THE 1ST |
Wichita Wranglers batting - Pitching for Memphis Blues : RHP Micheal Wood
|
Pitching: RHP Micheal Wood
|
|
Batting: RHB José López
|
0-0: Called Strike 0-1: Foul Ball, location: 2F 0-2: Strikes out swinging
|
Batting: RHB Rusty Bennett
|
0-0: Called Strike 0-1: DOUBLE (Line Drive, 78D)
|
Batting: SHB Juan Glaviz
|
0-0: Swinging Strike 0-1: Ball 1-1: Foul Ball, location: 2F 1-2: Strikes out swinging
|
Batting: RHB Félix Gonzáles
|
0-0: Called Strike 0-1: 2-RUN HOME RUN (Flyball, 7D), Distance : 410 ft
|
Batting: LHB Richard Hinkle
|
0-0: Swinging Strike 0-1: Ball 1-1: Called Strike 1-2: Ball 2-2: Ball 3-2: Ground out 4-3 (Groundball, 34)
|
Top of the 1st over - 2 run(s), 2 hit(s), 0 error(s), 0 left on base; Wichita 2 - Memphis 0 |
BOTTOM OF THE 1ST |
Memphis Blues batting - Pitching for Wichita Wranglers : LHP Marcos Flores
|
Pitching: LHP Marcos Flores
|
|
Batting: LHB Pedro Ramos
|
0-0: Ball 1-0: Foul Ball, location: 2F 1-1: Foul Ball, location: 2F 1-2: Foul Ball, location: 2F 1-2: Foul Ball, location: 2F 1-2: Foul Ball, location: 2F 1-2: Ball 2-2: Ball 3-2: Foul Ball, location: 2F 3-2: Fly out, F9 (Flyball, 9D)
|
Batting: RHB Peter Bishop
|
0-0: Foul Ball, location: 2F 0-1: SOLO HOME RUN (Flyball, 78XD), Distance : 428 ft
|
Batting: LHB Chris Austin
|
0-0: Called Strike 0-1: Ball 1-1: Ground out 4-3 (Groundball, 4)
|
Batting: SHB Terry Dailey
|
0-0: Swinging Strike 0-1: Ball 1-1: Called Strike 1-2: Ball 2-2: Ground out 2-3 (Groundball, 2R)
|
Bottom of the 1st over - 1 run(s), 1 hit(s), 0 error(s), 0 left on base; Wichita 2 - Memphis 1 |
TOP OF THE 2ND |
Wichita Wranglers batting - Pitching for Memphis Blues : RHP Micheal Wood
|
Batting: RHB Oliver Todd
|
0-0: Ball 1-0: Called Strike 1-1: Ball 2-1: Fly out, F7 (Flyball, 78XD)
|
Batting: SHB José López
|
0-0: Called Strike 0-1: Ball 1-1: Foul Ball, location: 2F 1-2: Ball 2-2: DOUBLE (Groundball, 5L)
|
Batting: RHB Hubert MacDonald
|
0-0: Ball 1-0: Called Strike 1-1: Ball 2-1: Fly out, F8 (Flyball, 8LD) Runner from 2nd tags up, SAFE at 3rd, no throw
|
Batting: SHB Lewis Woods
|
0-0: Ball 1-0: Ball 2-0: Foul Ball, location: 2F 2-1: Foul Ball, location: 2F 2-2: Strikes out swinging
|
Top of the 2nd over - 0 run(s), 1 hit(s), 0 error(s), 1 left on base; Wichita 2 - Memphis 1 |
BOTTOM OF THE 2ND |
Memphis Blues batting - Pitching for Wichita Wranglers : LHP Marcos Flores
|
Batting: RHB Emílio Bruno
|
0-0: Called Strike 0-1: Ball 1-1: Ball 2-1: Swinging Strike 2-2: Foul Ball, location: 2F 2-2: Foul Ball, location: 2F 2-2: Strikes out swinging
|
Batting: RHB Jaime Spiridon
|
0-0: Called Strike 0-1: Ball 1-1: Foul Ball, location: 2F 1-2: Ball 2-2: Ball 3-2: Base on Balls
|
Batting: RHB Chase Mueller
|
0-0: Ball 1-0: Ball 2-0: Foul Ball, location: 2F 2-1: Foul Ball, location: 2F 2-2: Reached on error, E6 (Groundball, 6M) Jaime Spiridon to second
|
Batting: RHB Roberto Gómez
|
0-0: Ball 1-0: Ball 2-0: Foul Ball, location: 2F 2-1: Foul Ball, location: 2F 2-2: Foul Ball, location: 2F 2-2: Ball 3-2: Foul Ball, location: 2F 3-2: Ground out 5-3 (Groundball, 56S) Jaime Spiridon to third Chase Mueller to second
|
Batting: RHB David Crespo
|
0-0: Called Strike 0-1: Ball 1-1: Ball 2-1: Ball 3-1: Foul Ball, location: 2F 3-2: Base on Balls
|
Batting: LHB Pedro Ramos
|
0-0: Ball 1-0: Ball 2-0: Ground out 1-3 (Groundball, P)
|
Bottom of the 2nd over - 0 run(s), 0 hit(s), 1 error(s), 3 left on base; Wichita 2 - Memphis 1 |
TOP OF THE 3RD |
Wichita Wranglers batting - Pitching for Memphis Blues : RHP Micheal Wood
|
Batting: RHB José López
|
0-0: Ball 1-0: Ball 2-0: Foul Ball, location: 2F 2-1: Ball 3-1: Called Strike 3-2: Strikes out swinging
|
Batting: RHB Rusty Bennett
|
0-0: Called Strike 0-1: Fly out, F8 (Flyball, 8LM)
|
Batting: SHB Juan Glaviz
|
0-0: Swinging Strike 0-1: Ground out 4-3 (Groundball, 34D)
|
Top of the 3rd over - 0 run(s), 0 hit(s), 0 error(s), 0 left on base; Wichita 2 - Memphis 1 |
BOTTOM OF THE 3RD |
Memphis Blues batting - Pitching for Wichita Wranglers : LHP Marcos Flores
|
Batting: RHB Peter Bishop
|
0-0: Ball 1-0: Foul Ball, location: 2F 1-1: Called Strike 1-2: Foul Ball, location: 2F 1-2: Strikes out swinging
|
Batting: LHB Chris Austin
|
0-0: Ball 1-0: Ball 2-0: SINGLE (Flyball, 89S)
|
Batting: SHB Terry Dailey
|
0-0: Ball 1-0: Swinging Strike 1-1: Ball 2-1: DOUBLE (Line Drive, 7LD) Chris Austin to third
|
Batting: RHB Emílio Bruno
|
0-0: Ball 1-0: Called Strike 1-1: Swinging Strike 1-2: Strikes out swinging
|
Batting: RHB Jaime Spiridon
|
0-0: Ball 1-0: Fly out, F7 (Line Drive, 7D)
|
Bottom of the 3rd over - 0 run(s), 2 hit(s), 0 error(s), 2 left on base; Wichita 2 - Memphis 1 |
TOP OF THE 4TH |
Wichita Wranglers batting - Pitching for Memphis Blues : RHP Micheal Wood
|
Batting: RHB Félix Gonzáles
|
0-0: Called Strike 0-1: Called Strike 0-2: Ground out 6-3 (Groundball, 6)
|
Batting: LHB Richard Hinkle
|
0-0: Foul Ball, location: 2F 0-1: Ground out 5-3 (Groundball, 5S)
|
Batting: RHB Oliver Todd
|
0-0: Ball 1-0: Fly out, F9 (Flyball, 89M)
|
Top of the 4th over - 0 run(s), 0 hit(s), 0 error(s), 0 left on base; Wichita 2 - Memphis 1 |
BOTTOM OF THE 4TH |
Memphis Blues batting - Pitching for Wichita Wranglers : LHP Marcos Flores
|
Batting: RHB Chase Mueller
|
0-0: Foul Ball, location: 2F 0-1: Ground out U3 (Groundball, 3)
|
Batting: RHB Roberto Gómez
|
0-0: Ball 1-0: Foul Ball, location: 2F 1-1: Swinging Strike 1-2: Ball 2-2: Fly out, F5 (Line Drive, 5)
|
Batting: RHB David Crespo
|
0-0: Ground out 5-3 (Groundball, 56S)
|
Bottom of the 4th over - 0 run(s), 0 hit(s), 0 error(s), 0 left on base; Wichita 2 - Memphis 1 |
TOP OF THE 5TH |
Wichita Wranglers batting - Pitching for Memphis Blues : RHP Micheal Wood
|
Batting: SHB José López
|
0-0: Swinging Strike 0-1: Ball 1-1: Swinging Strike 1-2: Strikes out swinging
|
Batting: RHB Hubert MacDonald
|
0-0: Called Strike 0-1: Foul Ball, location: 2F 0-2: Strikes out swinging
|
Batting: SHB Lewis Woods
|
0-0: Ball 1-0: Called Strike 1-1: Called Strike 1-2: Fly out, F7 (Flyball, 7S)
|
Top of the 5th over - 0 run(s), 0 hit(s), 0 error(s), 0 left on base; Wichita 2 - Memphis 1 |
BOTTOM OF THE 5TH |
Memphis Blues batting - Pitching for Wichita Wranglers : LHP Marcos Flores
|
Batting: LHB Pedro Ramos
|
0-0: Called Strike 0-1: Swinging Strike 0-2: SINGLE (Line Drive, 7S)
|
Pitching: RHP Tony Edmonds
|
|
Batting: RHB Peter Bishop
|
0-0: Ball 1-0: Ball 2-0: Foul Ball, location: 2F 2-1: Ball 3-1: Base on Balls Pedro Ramos to second
|
Batting: LHB Chris Austin
|
0-0: Swinging Strike 0-1: Ball Pedro Ramos steals 3rd base Peter Bishop to second 1-1: Ball 2-1: Called Strike 2-2: Ball 3-2: Strikes out swinging
|
Batting: SHB Terry Dailey
|
0-0: Swinging Strike 0-1: Called Strike 0-2: Ball 1-2: Strikes out swinging
|
Batting: RHB Emílio Bruno
|
0-0: Swinging Strike 0-1: Called Strike 0-2: Ball 1-2: Ball 2-2: Ball 3-2: Fly out, F9 (Flyball, 9LSF)
|
Bottom of the 5th over - 0 run(s), 1 hit(s), 0 error(s), 2 left on base; Wichita 2 - Memphis 1 |
TOP OF THE 6TH |
Wichita Wranglers batting - Pitching for Memphis Blues : RHP Micheal Wood
|
Batting: RHB José López
|
0-0: Ground out 6-3 (Groundball, 6MD)
|
Batting: RHB Rusty Bennett
|
0-0: Fly out, F5 (Popup, 56)
|
Batting: SHB Juan Glaviz
|
0-0: Ball 1-0: Ball 2-0: Foul Ball, location: 2F 2-1: Foul Ball, location: 2F 2-2: Ball 3-2: Foul Ball, location: 2F 3-2: SINGLE (Groundball, 34D)
|
Batting: RHB Félix Gonzáles
|
0-0: Ball 1-0: Swinging Strike 1-1: Ball 2-1: Ball 3-1: Swinging Strike 3-2: Base on Balls Juan Glaviz to second
|
Batting: LHB Richard Hinkle
|
0-0: Ball 1-0: Called Strike 1-1: Foul Ball, location: 2F 1-2: SINGLE (Line Drive, 78M) Juan Glaviz to third Félix Gonzáles to second Runner from 3rd tries for Home, SAFE, throw made at trailing runner, SAFE at third!
|
Batting: RHB Oliver Todd
|
0-0: Called Strike 0-1: Called Strike 0-2: Ball 1-2: Strikes out swinging
|
Top of the 6th over - 1 run(s), 2 hit(s), 0 error(s), 2 left on base; Wichita 3 - Memphis 1 |
BOTTOM OF THE 6TH |
Memphis Blues batting - Pitching for Wichita Wranglers : RHP Tony Edmonds
|
Batting: RHB Jaime Spiridon
|
0-0: Ball 1-0: Called Strike 1-1: Called Strike 1-2: SINGLE (Flyball, 89S)
|
Batting: RHB Chase Mueller
|
0-0: Swinging Strike 0-1: Ball 1-1: Foul Ball, location: 2F 1-2: Ball 2-2: Strikes out looking
|
Batting: RHB Roberto Gómez
|
0-0: Foul Ball, location: 2F 0-1: Called Strike 0-2: Foul Ball, location: 2F 0-2: Ball 1-2: Strikes out swinging
|
Batting: RHB David Crespo
|
0-0: Ball 1-0: Ball 2-0: Called Strike 2-1: Swinging Strike 2-2: Foul Ball, location: 2F 2-2: Ball 3-2: Strikes out swinging
|
Bottom of the 6th over - 0 run(s), 1 hit(s), 0 error(s), 1 left on base; Wichita 3 - Memphis 1 |
TOP OF THE 7TH |
Wichita Wranglers batting - Pitching for Memphis Blues : RHP Micheal Wood
|
Batting: SHB José López
|
0-0: Called Strike 0-1: Ball 1-1: Foul Ball, location: 2F 1-2: Foul Ball, location: 2F 1-2: Foul Ball, location: 2F 1-2: Foul Ball, location: 2F 1-2: Ball 2-2: Foul Ball, location: 2F 2-2: Ball 3-2: Foul Ball, location: 2F 3-2: Fly out, F8 (Line Drive, 8RM)
|
Pitching: LHP Mario Galván
|
|
Batting: RHB Hubert MacDonald
|
0-0: Ball 1-0: Foul Ball, location: 2F 1-1: Foul Ball, location: 2F 1-2: Foul Ball, location: 2F 1-2: Foul Ball, location: 2F 1-2: Strikes out swinging
|
Batting: SHB Lewis Woods
|
0-0: Called Strike 0-1: Swinging Strike 0-2: Ball 1-2: Ball 2-2: Strikes out swinging
|
Top of the 7th over - 0 run(s), 0 hit(s), 0 error(s), 0 left on base; Wichita 3 - Memphis 1 |
BOTTOM OF THE 7TH |
Memphis Blues batting - Pitching for Wichita Wranglers : RHP Tony Edmonds
|
Batting: LHB Pedro Ramos
|
0-0: Ball 1-0: Called Strike 1-1: Fly out, F8 (Flyball, 8LS)
|
Batting: RHB Peter Bishop
|
0-0: Called Strike 0-1: Foul Ball, location: 2F 0-2: Fly out, F4 (Popup, 4)
|
Batting: LHB Chris Austin
|
0-0: Ball 1-0: Ball 2-0: Ball 3-0: Called Strike 3-1: Base on Balls
|
Batting: SHB Terry Dailey
|
0-0: Ball 1-0: Ball 2-0: Foul Ball, location: 2F Pickoff Throw to First - Out!
|
Bottom of the 7th over - 0 run(s), 0 hit(s), 0 error(s), 0 left on base; Wichita 3 - Memphis 1 |
TOP OF THE 8TH |
Wichita Wranglers batting - Pitching for Memphis Blues : LHP Mario Galván
|
Batting: RHB José López
|
0-0: Foul Ball, location: 2F 0-1: Ball 1-1: Fly out, F6 (Line Drive, 6)
|
Batting: RHB Rusty Bennett
|
0-0: Called Strike 0-1: Ball 1-1: Ball 2-1: Ball 3-1: Swinging Strike 3-2: Base on Balls
|
Batting: SHB Juan Glaviz
|
0-0: Ball 1-0: Fielders Choice at 2nd, 5-4 (Groundball, 56)
|
Batting: RHB Félix Gonzáles
|
0-0: Swinging Strike 0-1: Ball Pickoff Throw to First - Error! E1 Juan Glaviz to second 1-1: Fly out, F6 (Popup, 6)
|
Top of the 8th over - 0 run(s), 0 hit(s), 1 error(s), 1 left on base; Wichita 3 - Memphis 1 |
BOTTOM OF THE 8TH |
Memphis Blues batting - Pitching for Wichita Wranglers : RHP Tony Edmonds
|
Batting: SHB Terry Dailey
|
0-0: Ball 1-0: Called Strike 1-1: Foul Ball, location: 2F 1-2: Fly out, F4 (Popup, 4D)
|
Batting: RHB Emílio Bruno
|
0-0: Called Strike 0-1: Foul Ball, location: 2F 0-2: Foul Ball, location: 2F 0-2: SINGLE (Flyball, 8LS)
|
Pitching: RHP Luis Pérez
|
|
Batting: RHB Jaime Spiridon
|
0-0: Ball 1-0: Ground out 5-3 (Groundball, 56S) Emílio Bruno to second
|
Batting: RHB Chase Mueller
|
0-0: Called Strike 0-1: Ball 1-1: Ball 2-1: SINGLE (Groundball, 4MD) Emílio Bruno to third Runner from 3rd tries for Home, SAFE, no throw
|
Pinch Hitting: LHB Alan McGilroy
|
0-0: Swinging Strike 0-1: Ball 1-1: Foul Ball, location: 2F 1-2: Ball 2-2: Ball 3-2: Ground out 4-3 (Groundball, 4S)
|
Bottom of the 8th over - 1 run(s), 2 hit(s), 0 error(s), 1 left on base; Wichita 3 - Memphis 2 |
TOP OF THE 9TH |
Wichita Wranglers batting - Pitching for Memphis Blues : LHP Mario Galván
|
Pitching: RHP Tommy Waters
|
|
Now in RF: John Foster
|
|
Batting: LHB Richard Hinkle
|
0-0: Called Strike 0-1: Ball 1-1: Ball 2-1: Swinging Strike 2-2: Foul Ball, location: 2F 2-2: Strikes out swinging, 2-3 out at first.
|
Batting: RHB Oliver Todd
|
0-0: Foul Ball, location: 2F 0-1: Ball 1-1: Swinging Strike 1-2: Foul Ball, location: 2F 1-2: Strikes out swinging
|
Batting: SHB José López
|
0-0: Ball 1-0: Foul Ball, location: 2F 1-1: Swinging Strike 1-2: Strikes out swinging
|
Top of the 9th over - 0 run(s), 0 hit(s), 0 error(s), 0 left on base; Wichita 3 - Memphis 2 |
BOTTOM OF THE 9TH |
Memphis Blues batting - Pitching for Wichita Wranglers : RHP Luis Pérez
|
Pitching: RHP Todd Brewster
|
|
Now in LF: Santiago Morales
|
|
Pinch Hitting: RHB Dave Wookey
|
0-0: Ground out 5-3 (Groundball, 56)
|
Batting: LHB Pedro Ramos
|
0-0: Foul Ball, location: 2F 0-1: Ball 1-1: Ball 2-1: Fly out, F8 (Flyball, 8LXD)
|
Pinch Hitting: LHB Arturo Rivera
|
0-0: Foul Ball, location: 2F 0-1: Ball 1-1: Fly out, F2 (Popup, 23)
|
Bottom of the 9th over - 0 run(s), 0 hit(s), 0 error(s), 0 left on base; Wichita 3 - Memphis 2 |
|